 Seeded DCSS version 0.28.0-53-g5a82cb258f (webtiles) character file.

Game seed: 12646791263056600687 (custom seed)

563 purpskrrrp the Slasher (level 7, 0/70 HPs)
             Began as a Demonspawn Fighter on July 25, 2022.
             Succumbed to a water moccasin's poison
             ... on level 4 of the Dungeon.
             The game lasted 00:10:19 (3484 turns).

purpskrrrp the Slasher (Demonspawn Fighter)         Turns: 3484, Time: 00:10:20

Health: 0/70       AC: 23    Str: 15 (18) XL:     7   Next: 10%
Magic:  7/7        EV:  2    Int:  7 (10) God:
Gold:   149        SH:  5    Dex: 11 (12) Spells: 6/6 levels left

rFire   . . .      SeeInvis +   a - +0 long sword
rCold   . . .      Faith    .   c - +1 buckler
rNeg    . . .      Spirit   .   (armour currently unavailable)
rPois   +          Reflect  .   (helmet currently unavailable)
rElec   .          Harm     .   (cloak currently unavailable)
rCorr   .          Rampage  .   (gloves currently unavailable)
Will    .....      NoTele   +   (boots currently unavailable)
Stlth   +.........              (no amulet)
HPRegen 0.21/turn               (no ring)
MPRegen 0.10/turn               (no ring)

@: mighty, lethally poisoned (0 -> -11), tree-form, attractive
A: stationary, stasis, torment immunity, boosted hp, (hooves 1), (horns 1),
demonic guardian 1, see invisible, frail 1, inhibited regeneration
a: no special abilities


You were on level 4 of the Dungeon.
You were a tree.
You visited 1 branch of the dungeon, and saw 4 of its levels.

You collected 149 gold pieces.

Inventory:

Hand Weapons
 a - a +0 long sword (weapon)
Armour
 b - a +0 scale mail
 c - a +1 buckler (worn)
 f - a +0 helmet
 i - the +0 ring mail "Vagrur" (melded) {Int+3 Slay+3}
   (You found it on level 2 of the Dungeon)

   Int:       It affects your intelligence (+3).
   Slay:      It affects your accuracy & damage with ranged weapons and melee
   (+3).
Jewellery
 n - a +4 ring of evasion
Scrolls
 j - a scroll of vulnerability {unknown}
 m - a scroll of immolation {unknown}
 o - a scroll of enchant weapon {unknown}
 p - a scroll of acquirement {unknown}
 q - a scroll of identify {unknown}
 r - a scroll of blinking {unknown}
Potions
 d - a potion of might
 e - 4 potions of mutation
 k - 2 potions of lignification
 l - a potion of degeneration
 s - a potion of flight {unknown}


   Skills:
 + Level 3.8 Fighting
 * Level 5.5 Long Blades
 + Level 3.9 Armour
 + Level 1.4 Dodging
 + Level 1.0 Stealth
 + Level 3.0 Shields


You had 6 spell levels left.
You didn't know any spells.
Your spell library contained the following spells:

 Spells                   Type           Power      Damage    Failure   Level
 Call Canine Familiar     Summ           0%         N/A       88%         3
 Portal Projectile        Hex/Tloc       0%         N/A       88%         3
 Leda's Liquefaction      Hex/Erth       0%         N/A       99%         4


Dungeon Overview and Level Annotations

Branches:
Dungeon (4/15)
 Temple: D:4-7

Altars:
Nemelex Xobeh
Uskayaw


Innate Abilities, Weirdness & Mutations

You are a tree.
Your roots penetrate the ground, keeping you stationary.
You cannot be teleported.
You are immune to unholy pain and torment.
Your maximum health is greatly increased.
Your equipment is partially melded.
((You have large cloven feet.))
((You have a pair of small horns on your head.))
A weak demonic guardian rushes to your aid.
You have supernaturally acute eyesight. (SInv)
You are frail. (-10% HP)
You do not regenerate when monsters are visible.


Message History

You feel very mighty all of a sudden.
You feel very sick. The water moccasin bites you.
You are more poisoned.
The water moccasin poisons you! The water moccasin closely misses you.
You miss the water moccasin. You kick the water moccasin!
The water moccasin is severely wounded.
You feel extremely sick. The water moccasin bites you.
You are lethally poisoned!
The water moccasin poisons you!
You are too injured to fight recklessly!
You are too injured to fight recklessly!
You are too injured to fight recklessly!
You slash the water moccasin!
You kill the water moccasin!
You feel extremely sick.
Your Stealth skill increases to level 1!
You have reached level 7!
Okay, then.
It was a potion of mutation.
You feel extremely strange.
Your regeneration stops near monsters.
You feel frail.
Your vision sharpens.
* * * LOW HITPOINT WARNING * * *
You feel extremely sick.
It was a potion of lignification.
You turn into a tree.
The +0 ring mail "Vagrur" {Int+3 Slay+3} melds into your body.
Your roots penetrate the ground.
* * * LOW HITPOINT WARNING * * *
You feel very sick.
It was a potion of degeneration.
There was something very wrong with that liquid.
You feel weakened.
You feel dopey.
You feel clumsy.
* * * LOW HITPOINT WARNING * * *
You feel very sick.
It was a potion of attraction.
You feel attractive to monsters.
* * * LOW HITPOINT WARNING * * *
You feel very sick.
It was a potion of magic.
Magic courses through your body.
You die...

....# .....#
....>.#
..#.... .....
... #.######
.. #.♣.#..#
..##......##
............#
...
............#
....
...........###
....
.##........#
....
.........###
....
[..........#
....
...........#


There were no monsters in sight!

Vanquished Creatures
  A water moccasin (D:4)
  A black bear (D:4)
  A necrophage (D:3)
  A scorpion (D:3)
  A howler monkey (D:4)
  Jessica (D:3)
  5 adders
  An adder skeleton (D:4)
  2 worms
  5 dart slugs
  12 orcs (D:3)
  7 ball pythons
  5 endoplasms
  2 giant cockroaches
  8 goblins
  10 hobgoblins
  2 quokkas
  14 bats
  3 frilled lizards
  5 kobolds
  7 rats
94 creatures vanquished.

Notes
Turn   | Place    | Note
-------+----------+-------------------------------------------
     0 | D:1      | purpskrrrp the Demonspawn Fighter began the quest for the
                  | Orb.
     0 | D:1      | Reached XP level 1. HP: 18/18 MP: 1/1
    77 | D:1      | Reached skill level 2 in Long Blades
    79 | D:1      | Discovered your monstrous ancestry.
    79 | D:1      | Gained mutation: You have a pair of small horns on your
                  | head. [demonic ancestry]
    79 | D:1      | Reached XP level 2. HP: 11/24 MP: 2/2
  1120 | D:2      | Gained mutation: You have large cloven feet. [demonic
                  | ancestry]
  1120 | D:2      | Reached XP level 3. HP: 29/29 MP: 3/3
  1295 | D:2      | Identified the +0 ring mail "Vagrur" {Int+3 Slay+3}
  2057 | D:3      | Noticed Jessica
  2067 | D:3      | Killed Jessica
  2068 | D:3      | Reached XP level 4. HP: 35/35 MP: 4/4
  2088 | D:3      | Reached skill level 3 in Long Blades
  2362 | D:3      | Noticed a necrophage
  2386 | D:3      | Found a faded altar of an unknown god.
  2392 | D:3      | Noticed a +0 falchion
  2392 | D:3      | Noticed a +0 dagger
  2394 | D:3      | Noticed a +0 short sword
  2396 | D:3      | Noticed a +0 spear
  2396 | D:3      | Noticed a +0 short sword
  2426 | D:3      | Noticed a +0 spear
  2426 | D:3      | Noticed a +0 dagger
  2428 | D:3      | Noticed a +0 falchion
  2440 | D:3      | Found a hide-covered altar of Uskayaw.
  2899 | D:3      | Noticed a scorpion
  2904 | D:3      | Killed a scorpion
  2905 | D:3      | Gained mutation: A weak demonic guardian rushes to your
                  | aid. [demonic ancestry]
  2905 | D:3      | Reached XP level 5. HP: 41/41 MP: 5/5
  2909 | D:3      | Reached skill level 1 in Dodging
  3023 | D:3      | Killed a necrophage
  3024 | D:3      | Reached skill level 4 in Long Blades
  3024 | D:3      | Reached XP level 6. HP: 41/48 MP: 6/6
  3249 | D:4      | Found a sparkling altar of Nemelex Xobeh.
  3338 | D:4      | Reached skill level 5 in Long Blades
  3473 | D:4      | Noticed a water moccasin
  3479 | D:4      | Killed a water moccasin
  3480 | D:4      | Reached skill level 1 in Stealth
  3480 | D:4      | Reached XP level 7. HP: 17/53 MP: 7/7
  3480 | D:4      | Gained mutation: You do not regenerate when monsters are
                  | visible. [potion of mutation]
  3480 | D:4      | Gained mutation: You are frail. (-10% HP) [potion of
                  | mutation]
  3480 | D:4      | Gained mutation: You have supernaturally acute eyesight.
                  | (SInv) [potion of mutation]
  3483 | D:4      | HP: 3/70 [poisoned by a water moccasin]
  3484 | D:4      | Succumbed to a water moccasin's poison

Illustrated notes

Levels and vault maps discovered:
D:1:      eino_arrival_cavern_b, layout_loops_ring, st_stairs_12
D:2:      layout_loops_corners, ebering_dispersal_statue_hall
D:3:      layout_loops_cross, nicolae_uskayaw_en_pointe,
          hellmonk_ecumenical_altar_pennies_from_heaven,
          nicolae_concentric_dashed_squares_mild, hangedman_decor_growths,
          minmay_fountain_box, uniq_jessica
D:4:      layout_cave_pools, pf_just_have_faith, minmay_misc_feat_encased

Skill      XL: |  1  2  3  4  5  6 |
---------------+-------------------+-----
Long Blades    | 2 3 4 5 |  5.5
Armour         | 3 |  3.9
Dodging        | 1 |  1.4
Shields        | 3 |  3.0
Stealth        | 1 |  1.0
Fighting       | |  3.8

Action                   |  1- 3 |  4- 6 |  7- 9 || total
-------------------------+-------+-------+-------++-------
Melee: Long sword        |   115 |    91 |       ||   206
       Headbutt          |     8 |    10 |       ||    18
       Kick              |    11 |    19 |       ||    30
  Use: Scroll            |       |     2 |       ||     2
       Potion            |       |     3 |     5 ||     8
Armor: Scale mail        |    71 |       |       ||    71
       Ring mail         |    14 |    31 |       ||    45
Dodge: Dodged            |    73 |    35 |       ||   108
Block: Buckler           |    27 |    20 |       ||    47
